 Dungeon Crawl Stone Soup version 0.20-a0-1122-gb7cbeb9 (webtiles) character file.

161844 Tinos the Imperceptible (level 17, -7/89 HPs)
             Began as a Spriggan Enchanter on May 14, 2017.
             Was the Champion of Dithmenos.
             Killed from afar by a tengu reaver (illusionary) (39 damage)
             ... with a fireball
             ... on level 1 of the Depths.
             The game lasted 01:55:58 (37073 turns).

Tinos the Imperceptible (Spriggan Enchanter)       Turns: 37073, Time: 01:55:59

Health: -7/89      AC:  6    Str:  6    XL:     17   Next: 20%
Magic:  37/44      EV: 33    Int: 19    God:    Dithmenos [******]
Gold:   1411       SH:  0    Dex: 19    Spells: 10/43 levels left

rFire    . . .     SeeInvis +   Z - +5 rapier (speed)
rCold    . . .     Gourm    .   (shield restricted)
rNeg     . . .     Faith    .   b - +2 robe {Archmagi}
rPois    .         Spirit   .   (helmet restricted)
rElec    +         Reflect  .   (no cloak)
rCorr    .         Harm     .   (gloves unavailable)
MR       ++...                  (boots unavailable)
Stlth    ++++++++++             y - amulet of regeneration
Regen    0.7/turn               K - ring of stealth
MPRegen  0.3/turn               x - ring of magical power

@: very slightly contaminated, wreathed by umbra, invisible, very quick
A: unfitting armour, talons 1, molten scales 1, see invisible, herbivore 3,
speed 3, electricity resistance, slow metabolism 2
a: Shadow Step, Shadow Form, Renounce Religion


You were on level 1 of the Depths.
You worshipped Dithmenos.
Dithmenos was exalted by your worship.
You were not hungry.

You visited 6 branches of the dungeon, and saw 26 of its levels.
You also visited: Labyrinth and Sewer.

You collected 2603 gold pieces.
You spent 1192 gold pieces at shops.

Inventory:

Hand Weapons
 g - a +1 rapier of draining
 D - a +4 quick blade
 Z - a +5 rapier of speed (weapon)
Armour
 b - a +2 robe of the Archmagi (worn)
 p - a +2 buckler
 P - a +2 robe of cold resistance
Jewellery
 f - an uncursed ring of resist corrosion
 x - a ring of magical power (right hand)
 y - an amulet of regeneration (around neck)
 A - an uncursed ring of protection from cold
 C - the ring of the Turtledove {Ice rN+ Str+3 Dex+2}
   (You found it on level 5 of the Lair of Beasts)

   [ring of ice]

   It enhances your ice magic.
   It affects your strength (+3).
   It affects your dexterity (+2).
   It makes you vulnerable to fire.
   It protects you from cold.
   It protects you from negative energy.
 K - a ring of stealth (left hand)
Wands
 j - a wand of digging (8/24)
 l - a wand of polymorph (16/24)
 n - a wand of lightning (12/15)
 u - a wand of digging (18/24)
 G - a wand of confusion (11/48)
 I - a wand of iceblast (6/15)
Scrolls
 a - a scroll of amnesia
 i - 10 scrolls of teleportation
 k - 2 scrolls of fear
 m - 3 scrolls of magic mapping
 o - 4 scrolls of enchant armour
 s - 3 scrolls of fog
 t - 9 scrolls of remove curse
 z - 3 scrolls of recharging
 H - 2 scrolls of blinking
 X - 6 scrolls of identify
Potions
 c - a potion of agility
 e - 4 potions of lignification
 h - 3 potions of cancellation
 B - 3 potions of mutation
 E - 6 potions of curing
 Q - 2 potions of ambrosia
 R - 2 potions of might
 T - 3 potions of flight
 W - a potion of berserk rage
 Y - a potion of haste
Comestibles
 d - 12 bread rations
 F - 12 royal jellies
 J - 3 fruits


   Skills:
 + Level 10.0 Fighting
 + Level 12.1 Short Blades
 + Level 15.7 Dodging
 + Level 23.2 Stealth
 + Level 13.9 Spellcasting
 + Level 14.5 Hexes
 + Level 9.9 Charms
 - Level 3.5 Air Magic


You had 10 spell levels left.
You knew the following spells:

 Your Spells              Type           Power        Failure   Level  Hunger
a - Ensorcelled Hibernat  Hex/Ice        ######       1%          2    None
b - Corona                Hex            #######      0%          1    None
c - Confuse               Hex            #######.     1%          3    None
d - Tukima's Dance        Hex            #######.     1%          3    None
e - Dazzling Spray        Conj/Hex       ######       1%          3    None
f - Spectral Weapon       Hex/Chrm       ######..     1%          3    None
g - Deflect Missiles      Chrm/Air       ######....   43%         6    #####..
h - Invisibility          Hex            #######.     1%          6    #####..
i - Passwall              Tmut/Erth      ###.......   8%          2    None
j - Passage of Golubria   Tloc           N/A          43%         4    None


Dungeon Overview and Level Annotations

Branches:
Dungeon (15/15)            Temple (1/1) D:4            Lair (6/6) D:10
  Swamp (0/4) Lair:4        Snake (0/4) Lair:3        Slime (0/5) Lair:5
    Orc (2/2) D:10            Elf (1/3) Orc:2        Vaults (0/5) D:13
 Depths (1/5) D:15

Altars:
Ashenzari
Cheibriados
Dithmenos
Elyvilon
Fedhas
Gozag
Hepliaklqana
Kikubaaqudgha
Makhleb
Nemelex Xobeh
Okawaru
Qazlal
Ru
Sif Muna
Trog
Uskayaw
Vehumet
Wu Jian
Xom
Yredelemnul
Zin
The Shining One
Beogh
Jiyva

Shops:
D:11 :   Orc:2 *:=   Elf:1 [[*

Portals:
Hell: Depths:1
Abyss: Depths:1


Innate Abilities, Weirdness & Mutations

You are very small and have problems with some larger weapons.
You are too small for most types of armour.
You have supernaturally acute eyesight. (SInv)
You are a herbivore.
You cover ground extremely quickly.
You need consume almost no food.
You have sharp toenails.
You are partially covered in molten scales. (AC +2)
You are resistant to electric shocks. (rElec)


Message History

The tengu reaver shimmers and seems to become two!
You hear a distant blaring wail to the west.
You hit the tengu reaver but do no damage.
The tengu reaver blocks your shadow's attack.
You closely miss the tengu reaver.
The tengu reaver mumbles some strange words.
The tengu reaver conjures a globe of magical energy!
The tengu reaver gestures wildly while chanting.
The tengu reaver conjures a globe of magical energy! 2 battlespheres come into view.
Unknown command.
The rakshasa blinks!
The tengu reaver misses you. x2
The tengu reaver closely misses you. The tengu reaver misses you.
The tengu reaver pecks you! The tengu reaver misses you.
The rakshasa completely misses you. The rakshasa completely misses you.
A rakshasa comes into view. It is wielding an enchanted trident.
The tengu reaver gestures at you while chanting.
The fireball explodes!
The fireball engulfs you!
You die...

.................##.........#....
.................................
....#..##......................#.
..(.#..#.............#.....###...
............................###..
....#...#.........#....##...###..
(...##.###.....#..##...##....#...
....##......R..##.##..*#.......#.
...........#....@..R.Q....>....#.
...........##.......Q*...........
.(..........)............#######.
........................## ##
.......................##..# #
...#..................##.#.....#.
.........(............# .. #i##C.
#..#.#.........>###...# #.# Q#.#
.............#..####..# .G ..


You could see 2 tengu reavers, 2 rakshasas and 2 battlespheres.

Vanquished Creatures
  Rupert (Lair:5)
  Agnes (D:14)
  Roxanne (D:14)
  Kirke (D:13)
  A fire giant (D:15)
  4 very ugly things (Depths:1)
  The ghost of luab the Nimble, a journeyman GnSk of Okawaru (Lair:6)
  Nessos (D:14)
  2 fire dragons (Depths:1)
  A deep elf death mage (Elf:1)
  A minotaur (Lab)
  3 ettins (Depths:1)
  Josephine (D:14)
  6 great orbs of eyes
  Fannar (D:12)
  5 ogre magi
  2 ice dragons (Depths:1)
  A rakshasa (Depths:1)
  5 hydras
  8 vault guards (D:13)
  An anaconda (Lair:6)
  A catoblepas (Lair:4)
  A merfolk avatar (Lair:6)
  3 death yaks (D:10)
  4 centaur warriors
  A deep troll shaman (Depths:1)
  3 dancing weapons (Elf:1)
  27 two-headed ogres
  An orc high priest (Orc:2)
  4 deep troll earth magi (Depths:1)
  9 deep elf knights (Elf:1)
  Sonja (D:14)
  3 deep trolls (Depths:1)
  A swamp dragon (Lair:4)
  2 sea snakes (Lair:6)
  Pikel (D:3)
  An orange crystal statue (D:11)
  A deep elf archer (Elf:1)
  A harpy (Lair:6)
  2 orc knights
  A frost giant zombie (Depths:1)
  The ghost of syranez the Chopper, a novice FoFi of Uskayaw (D:5)
  The ghost of rexbael the Poker, a novice MfIE (D:7)
  27 deep elf magi
  2 orc sorcerers (Orc:2)
  23 ugly things
  4 necromancers
  5 cyclopes
  2 manticores
  6 elephants (Lair:6)
  3 black mambas
  Joseph (D:7)
  A guardian serpent (shapeshifter) (D:15)
  18 spiny frogs
  2 rime drakes (Lair:6)
  2 kobold demonologists (D:13)
  15 yaktaurs (Depths:1)
  6 komodo dragons
  A spriggan zombie (Depths:1)
  An efreet (D:14)
  A jumping spider (shapeshifter) (Elf:1)
  3 trolls
  10 slime creatures
  5 hornets
  7 polar bears
  An ettin zombie (Depths:1)
  5 blink frogs (Lair:3)
  A minotaur skeleton (Lab)
  7 hippogriffs
  An air elemental (Elf:1)
  A meliai zombie (D:11)
  Sigmund (D:4)
  5 wraiths (D:14)
  2 water elementals (D:13)
  15 yaks
  3 wyverns
  3 basilisks
  5 hogs (D:13)
  Eustachio (D:4)
  A warg (Orc:1)
  A steam dragon (Lair:4)
  2 hungry ghosts
  Edmund (D:6)
  4 acid dragons
  A soldier ant (shapeshifter) (D:13)
  A soldier ant (D:9)
  11 water moccasins
  5 porcupines
  8 ice beasts
  Purgy (Sewer)
  30 orc warriors
  3 black bears
  A phantom (D:10)
  5 sky beasts
  A swamp drake (Lair:4)
  A necrophage (D:10)
  41 ogres
  2 eyes of draining
  10 wolves
  16 centaurs
  13 crocodiles
  7 big kobolds
  2 elf zombies (Elf:1)
  2 earth elementals (Elf:1)
  13 bullfrogs
  2 wyvern zombies
  A wyvern skeleton (D:11)
  3 scorpions
  10 killer bees
  7 electric eels
  17 wights
  A howler monkey (D:5)
  5 crimson imps
  A quasit (D:15)
  A lava snake (Lair:6)
  A bullfrog zombie (D:13)
  7 hounds
  3 centaur zombies
  5 centaur skeletons
  3 jellies
  22 orc priests
  3 bullfrog skeletons
  7 iguanas
  11 worker ants
  Ijyb (D:4)
  30 orc wizards
  A hell rat (D:10)
  7 gnolls
  A howler monkey skeleton (D:8)
  18 adders
  A river rat (D:10)
  A shadow imp (D:5)
  An ooze (D:3)
  3 adder skeletons (D:9)
  7 worms
  13 dart slugs
  5 leopard geckos
  96 orcs
  5 ball pythons
  4 giant cockroaches
  7 hobgoblins
  15 jackals
  5 quokkas
  A ball python skeleton (D:4)
  9 bats
  5 frilled lizards
  16 goblins
  32 kobolds
  A leopard gecko skeleton (D:4)
  6 rats
898 creatures vanquished.

Vanquished Creatures (collateral kills)
  2 orc warriors
  An ogre (Orc:1)
  A gnoll sergeant (D:13)
  An orc priest (D:14)
  A gnoll (D:6)
  3 orcs
9 creatures vanquished.

Vanquished Creatures (others)
  A dancing weapon (D:9)
  A human (D:13)
  An ogre (D:4)
  2 centaurs
  An adder (D:4)
  An orc (D:13)
  2 fungi
  7 plants (Lair:6)
16 creatures vanquished.

Grand Total: 923 creatures vanquished

Notes
Turn   | Place    | Note
-------+----------+-------------------------------------------
     0 | D:1      | Tinos the Spriggan Enchanter began the quest for the Orb.
     0 | D:1      | Reached XP level 1. HP: 9/9 MP: 5/5
  1055 | D:1      | Reached XP level 2. HP: 13/13 MP: 5/7
  1059 | D:1      | Learned a level 2 spell: Ensorcelled Hibernation
  1879 | D:2      | Reached XP level 3. HP: 16/16 MP: 1/9
  1884 | D:2      | Learned a level 3 spell: Confuse
  1888 | D:2      | Learned a level 3 spell: Tukima's Dance
  2581 | D:3      | Reached XP level 4. HP: 19/21 MP: 1/11
  2683 | D:3      | Reached skill level 5 in Hexes
  2740 | D:3      | Reached skill level 5 in Stealth
  3254 | D:3      | Reached skill level 6 in Stealth
  3281 | D:3      | Reached XP level 5. HP: 24/24 MP: 9/12
  3434 | D:3      | Found a glowing golden altar of the Shining One.
  3851 | D:3      | Reached skill level 7 in Stealth
  4085 | D:3      | Gained mutation: Your magical capacity is low. (-10% MP) [potion of mutation]
  4085 | D:3      | Gained mutation: You are covered in fur. (AC +1) [potion of mutation]
  4263 | D:4      | Noticed Ijyb
  4291 | D:4      | Killed Ijyb
  4360 | D:4      | Noticed Eustachio
  4375 | D:4      | Reached skill level 8 in Stealth
  4438 | D:5      | Entered Level 5 of the Dungeon
  4690 | D:4      | Reached XP level 6. HP: 26/28 MP: 9/12
  4761 | D:4      | Noticed Sigmund
  4770 | D:4      | Killed Eustachio
  4770 | D:4      | Reached skill level 9 in Stealth
  4781 | D:4      | Killed Sigmund
  4781 | D:4      | Reached skill level 10 in Stealth
  4781 | D:4      | Reached XP level 7. HP: 32/32 MP: 5/13
  4959 | D:4      | Reached skill level 11 in Stealth
  5144 | D:4      | Lost mutation: Your magical capacity is low. (-10% MP) [potion of mutation]
  5144 | D:4      | Lost mutation: You are covered in fur. (AC +1) [potion of mutation]
  5144 | D:4      | Gained mutation: You are partially covered in molten scales. (AC +2) [potion of mutation]
  5144 | D:4      | Gained mutation: You have sharp toenails. [potion of mutation]
  5144 | D:4      | Gained mutation: You are resistant to electric shocks. (rElec) [potion of mutation]
  5795 | D:4      | Noticed Pikel
  5855 | D:3      | Killed Pikel
  5855 | D:3      | Reached skill level 13 in Stealth
  5855 | D:3      | Reached XP level 8. HP: 30/36 MP: 2/15
  6313 | D:4      | Found a staircase to the Ecumenical Temple.
  6322 | Temple   | Entered the Ecumenical Temple
  6329 | Temple   | Became a worshipper of Dithmenos the Shadowed
  6371 | D:4      | Reached skill level 14 in Stealth
  7277 | D:5      | Noticed syranez's ghost (novice FoFi)
  7893 | D:5      | Reached * piety under Dithmenos
  7936 | D:5      | Reached skill level 1 in Fighting
  8110 | D:5      | Killed syranez's ghost
  8110 | D:5      | Reached skill level 5 in Spellcasting
  8110 | D:5      | Reached XP level 9. HP: 30/41 MP: 12/18
  8245 | D:6      | Found a glowing drain.
  8258 | Sewer    | Entered a sewer
  8265 | Sewer    | Learned a level 3 spell: Dazzling Spray
  8343 | Sewer    | Noticed Purgy
  8346 | Sewer    | Killed Purgy
  8651 | D:6      | Noticed Edmund
  8657 | D:6      | Reached skill level 5 in Dodging
  8663 | D:6      | Killed Edmund
  8841 | D:6      | Found a snail-covered altar of Cheibriados.
  8857 | D:6      | Found an ornate altar of the Wu Jian Council.
  8923 | D:6      | Found a bloodstained altar of Trog.
  8940 | D:6      | Found a sparkling altar of Nemelex Xobeh.
  9549 | D:6      | Found a sacrificial altar of Ru.
  9692 | D:7      | Noticed rexbael's ghost (novice MfIE)
  9711 | D:7      | Killed rexbael's ghost
  9711 | D:7      | Reached skill level 15 in Stealth
  9897 | D:7      | Noticed Joseph
  9928 | D:7      | Killed Joseph
 10114 | D:7      | Reached XP level 10. HP: 49/49 MP: 21/21
 10272 | D:8      | Reached ** piety under Dithmenos
 10455 | D:8      | Found a hazy altar of Hepliaklqana.
 10499 | D:8      | Reached skill level 5 in Short Blades
 11813 | D:9      | Noticed a two-headed ogre
 11825 | D:9      | Killed a two-headed ogre
 11830 | D:9      | Reached *** piety under Dithmenos
 12292 | D:10     | Entered Level 10 of the Dungeon
 12318 | D:10     | Noticed a death yak
 12319 | D:10     | Found a staircase to the Lair.
 12319 | D:10     | Noticed a death yak
 12322 | D:10     | Noticed a death yak
 12340 | D:10     | HP: 2/49 [death yak (24)]
 12360 | D:10     | Killed a death yak
 12376 | D:10     | Killed a death yak
 12376 | D:10     | Reached skill level 16 in Stealth
 12376 | D:10     | Reached XP level 11. HP: 53/53 MP: 23/23
 12386 | D:10     | Killed a death yak
 13033 | D:10     | Noticed a two-headed ogre
 13037 | D:10     | Killed a two-headed ogre
 13091 | D:10     | Reached skill level 19 in Stealth
 13091 | D:10     | Reached XP level 12. HP: 58/58 MP: 25/25
 13101 | D:10     | Noticed a two-headed ogre
 13135 | D:10     | Killed a two-headed ogre
 13272 | D:10     | Found a staircase to the Orcish Mines.
 13288 | D:10     | Reached **** piety under Dithmenos
 13941 | D:11     | Found Uretto's Book Emporium.
 14059 | D:11     | Found a flagged portal.
 14170 | D:11     | Reached skill level 5 in Fighting
 14208 | D:11     | Noticed a two-headed ogre
 14212 | D:11     | Reached skill level 20 in Stealth
 14883 | D:11     | Noticed a two-headed ogre
 15350 | D:11     | Noticed a seven-headed hydra
 15420 | D:11     | Killed a seven-headed hydra
 15420 | D:11     | Reached skill level 10 in Dodging
 15669 | D:11     | Killed a two-headed ogre
 15687 | D:11     | Reached skill level 10 in Hexes
 16026 | D:12     | Noticed Fannar
 16027 | D:12     | Killed Fannar
 16057 | D:12     | Reached XP level 13. HP: 64/64 MP: 27/27
 16067 | D:12     | Learned a level 3 spell: Spectral Weapon
 16073 | D:12     | Reached ***** piety under Dithmenos
 17221 | D:13     | Noticed Kirke
 17231 | D:13     | Killed Kirke
 17278 | D:13     | Reached skill level 10 in Spellcasting
 19024 | D:13     | Found a gate to the Vaults.
 19051 | D:13     | Reached skill level 21 in Stealth
 19590 | D:13     | Reached XP level 14. HP: 63/72 MP: 17/29
 20176 | D:14     | Noticed Nessos
 20178 | D:14     | Killed Nessos
 20355 | D:14     | Noticed Josephine
 20357 | D:14     | Killed Josephine
 20696 | D:14     | Reached skill level 10 in Short Blades
 20827 | D:14     | Found a roughly hewn altar of Beogh.
 21002 | D:14     | Reached ****** piety under Dithmenos
 21244 | D:14     | Noticed Sonja
 21246 | D:14     | Killed Sonja
 21761 | D:14     | Noticed Agnes
 21761 | D:14     | Noticed Roxanne
 21763 | D:14     | Killed Agnes
 22193 | Lair:1   | Entered Level 1 of the Lair of Beasts
 22212 | Lair:1   | Found a sparkling altar of Nemelex Xobeh.
 23792 | Lair:3   | Found a labyrinth entrance.
 23803 | Lab      | Entered a labyrinth
 24293 | Lab      | Identified the Compendium of Weightlessness
 24314 | Lair:3   | Learned a level 6 spell: Deflect Missiles
 24525 | Lair:3   | Reached skill level 1 in Charms
 24741 | Lair:3   | Reached skill level 1 in Air Magic
 24794 | Lair:3   | Found a staircase to the Snake Pit.
 25471 | Lair:4   | Found a staircase to the Swamp.
 26417 | Lair:5   | Found a staircase to the Slime Pits.
 26417 | Lair:5   | Found a viscous altar of Jiyva.
 26569 | Lair:5   | Noticed Rupert
 26571 | Lair:5   | Killed Rupert
 26829 | Lair:5   | Got a heavily runed lapis lazuli ring
 26830 | Lair:5   | Identified the ring of the Turtledove {Ice rN+ Str+3 Dex+2} (You found it on level 5 of the Lair of Beasts)
 27165 | Lair:6   | Entered Level 6 of the Lair of Beasts
 27212 | Lair:6   | Noticed luab's ghost (journeyman GnSk)
 27262 | Lair:6   | Reached XP level 15. HP: 72/77 MP: 31/31
 27312 | Lair:6   | Killed luab's ghost
 27501 | Lair:6   | Identified a scroll of acquirement
 28183 | D:15     | Entered Level 15 of the Dungeon
 28316 | Orc:1    | Entered Level 1 of the Orcish Mines
 28789 | Orc:1    | You fall through a shaft!
 28789 | Orc:2    | Entered Level 2 of the Orcish Mines
 28789 | Orc:2    | Found a staircase to the Elven Halls.
 29084 | Orc:1    | Reached skill level 22 in Stealth
 29856 | Orc:1    | Reached skill level 5 in Charms
 30556 | Orc:2    | Found Nahivoes's Jewellery Shop.
 30556 | Orc:2    | Found Ulux's Book Emporium.
 30557 | Orc:2    | Found Cammel's Weapon Emporium.
 30557 | Orc:2    | Found Vefauf's Assorted Antiques.
 30565 | Orc:2    | Bought a book of Burglary for 975 gold pieces
 30572 | Orc:2    | Learned a level 6 spell: Invisibility
 30575 | Orc:2    | Learned a level 2 spell: Passwall
 30580 | Orc:2    | Learned a level 4 spell: Passage of Golubria
 30581 | Orc:2    | Bought a scroll of enchant weapon for 217 gold pieces
 30940 | Orc:2    | Found a roughly hewn altar of Beogh.
 31144 | Elf:1    | Entered Level 1 of the Elven Halls
 31418 | Elf:1    | Found Foizaeg's Armour Shoppe.
 31639 | Elf:1    | Found a deep blue altar of Sif Muna.
 31944 | Elf:1    | Found Urchi's Armour Emporium.
 32189 | Elf:1    | Reached XP level 16. HP: 84/84 MP: 33/33
 32423 | Elf:1    | Found Yleuzyc's General Store.
 32677 | Elf:1    | Found a deep blue altar of Sif Muna.
 32944 | Elf:1    | Identified the Handbook of the Twenty Stars
 34281 | D:14     | Killed Roxanne
 34283 | D:14     | Identified Roxanne's Catalogue of Transmutation (You took it off Roxanne on level 14 of the Dungeon)
 34347 | D:15     | Reached skill level 15 in Dodging
 34585 | D:15     | Found a sparkling altar of Nemelex Xobeh.
 34646 | D:15     | Found a white marble altar of Elyvilon.
 35306 | D:15     | Found a staircase to the Depths.
 35526 | Depths:1 | Entered Level 1 of the Depths
 35622 | Depths:1 | Found a gateway to Hell.
 35626 | Depths:1 | Found a one-way gate to the infinite horrors of the Abyss.
 36115 | Depths:1 | Reached skill level 23 in Stealth
 36457 | Depths:1 | Reached XP level 17. HP: 88/88 MP: 35/35
 36769 | Depths:1 | Noticed a juggernaut
 37047 | Depths:1 | Reached skill level 10 in Fighting
 37073 | Depths:1 | Killed from afar by a tengu reaver (illusionary)

Vault maps used:
D:1:      dpeg_arrival_houses_and_road
D:3:      lemuel_round_altar, minmay_cupped
D:4:      kennysheep_slugbush, minmay_temple_entry_poolview, first_bread,
          minmay_misc_feat_cross, uniq_ijyb, uniq_sigmund, uniq_eustachio,
          uniq_pikel
D:6:      nicolae_ru_path_of_blood, nicolae_overflow_quartered_altars,
          cheibrodos_sewer_entry_drain, uniq_edmund
D:7:      uniq_joseph
D:8:      old_standard_altar
D:9:      hangedman_pestilent_swarm
D:10:     dpeg_lair_monsters, david_orc_2
D:11:     serial_shops, shop, enter_bailey_3, minivault_16, wad_rectangle_vault
D:12:     minivault_20, serial_bayou_pond_d, uniq_fannar
D:13:     erik_vaults_2, uniq_kirke
D:14:     special_room, spider_trap, uniq_nessos, uniq_josephine, uniq_agnes,
          uniq_roxanne, uniq_sonja
D:15:     grunt_enter_depths_giant_problem, old_standard_altar, basic_altar
Temple:   minmay_freezing_vapour_temple
Lair:1:   basic_altar, lemuel_fruit_fields
Lair:3:   dummy_snake_entry, lab_entry_generic, cheibrodos_lair_lostbears
Lair:4:   minmay_swamp_entry_reptiles, guppyfry_lair_drakes
Lair:5:   slime_altar_1, serial_bayou_shore_a, uniq_rupert
Lair:6:   gammafunk_lair_ancient_temple
Orc:1:    nicolae_orc_damp_corner
Orc:2:    st_orc_ogre_mass, kennysheep_orc_chapel
Elf:1:    minmay_elf_arrival_circle, serial_shops, shop, nicolae_shop_crystal,
          shop, minmay_elf_necromancy, minmay_misc_feat_pillars,
          nicolae_elf_big_sculpture_2, hangedman_feature_mirror
Depths:1: hell_entry, abyss_entry, hangedman_decor_points,
          minmay_the_grid_octo_tiled_octocenter
Lab:      labyrinth_spiral, labyrinth_skeletal_remains, nicolae_lab_diamond,
          lab_hedge, labyrinth_glass_1, nicolae_lab_garden, nicolae_lab_blocks
Sewer:    sewer_co_purgy_island

Skill      XL: |  1  2  3  4  5  6  7  8  9 10 11 12 13 14 15 16 17 |
---------------+----------------------------------------------------+-----
Hexes          | 4 5 6 7 8 9 10 11 12 13 14 | 14.5
Spellcasting   | 3 4 5 6 7 8 9 10 11 12 13 | 13.9
Stealth        | 6 8 10 13 14 15 16 19 20 21 22 23 | 23.2
Fighting       | 1 3 4 5 7 8 9 10 | 10.0
Short Blades   | 2 4 6 8 9 10 11 12 | 12.1
Dodging        | 4 6 8 9 10 12 13 14 15 | 15.7
Charms         | 3 7 9 |  9.9
Air Magic      | 2 3 |  3.5

Action                   |  1- 3 |  4- 6 |  7- 9 | 10-12 | 13-15 | 16-18 || total
-------------------------+-------+-------+-------+-------+-------+-------++-------
Melee: Dagger            |   145 |   132 |   288 |    33 |       |       ||   598
       Kick              |       |       |    36 |   144 |   293 |    91 ||   564
       Unarmed           |       |       |     2 |       |       |       ||     2
       Short sword       |       |       |       |   554 |   675 |       ||  1229
       Rapier            |       |       |       |       |   717 |   348 ||  1065
 Cast: Corona            |     8 |       |       |       |       |       ||     8
       Ensorcelled Hiber |    23 |    25 |    75 |    48 |   154 |     6 ||   331
       Confuse           |       |     7 |    32 |    53 |   131 |    26 ||   249
       Dazzling Spray    |       |       |     2 |     9 |    44 |    12 ||    67
       Tukima's Dance    |       |       |     1 |     5 |    10 |       ||    16
       Spectral Weapon   |       |       |       |       |     2 |       ||     2
       Invisibility      |       |       |       |       |     5 |    10 ||    15
Invok: Shadow Step       |       |       |       |       |     3 |       ||     3
  Use: Scroll            |     9 |     6 |     5 |     6 |    18 |     4 ||    48
       Potion            |       |     2 |     1 |    13 |     9 |     2 ||    27
 Stab: Sleeping          |    16 |    18 |    57 |    50 |   192 |    58 ||   391
       Confused          |       |     6 |    13 |    25 |    81 |    22 ||   147
       Invisible         |       |       |       |    22 |    36 |    59 ||   117
       Distracted        |       |       |       |     7 |    19 |     4 ||    30
  Eat: Royal jelly       |       |     1 |     2 |       |     3 |       ||     6
       Bread ration      |       |     1 |       |       |       |       ||     1
       Fruit             |       |       |     2 |    10 |    11 |     4 ||    27
Armor: Robe              |    21 |    18 |    36 |    33 |    39 |     7 ||   154
Dodge: Dodged            |   129 |   102 |   212 |   521 |   853 |   206 ||  2023
